 Dungeon Crawl Stone Soup version 0.23.1 (webtiles) character file.

Game seed: 17743381217710237996

39 LostNumber the Chiller (level 3, -7/28 HPs)
             Began as a Draconian Ice Elementalist on Mar 9, 2019.
             Mangled by an ogre
             ... wielding a cursed -3 giant spiked club
              (9 damage)
             ... on level 2 of the Dungeon.
             The game lasted 00:04:30 (1271 turns).

LostNumber the Chiller (Draconian Ice Elementalist) Turns: 1271, Time: 00:04:31

Health: -7/28      AC:  5    Str: 10    XL:     3   Next: 26%
Magic:  0/6        EV: 12    Int: 16    God:
Gold:   111        SH:  0    Dex: 11    Spells: 5/6 levels left

rFire    . . .     SeeInvis .   (no weapon)
rCold    . . .     Gourm    .   (no shield)
rNeg     . . .     Faith    .   (armour unavailable)
rPois    .         Spirit   .   (helmet restricted)
rElec    .         Reflect  .   (no cloak)
rCorr    .         Harm     .   (no gloves)
MR       .....                  (no boots)
Stlth    ++........             (no amulet)
HPRegen  0.09/turn              (no ring)
MPRegen  0.10/turn              (no ring)

@: no status effects
A: unfitting armour, cold-blooded, AC +5
a: no special abilities


You were on level 2 of the Dungeon.
You were not hungry.

You visited 1 branch of the dungeon, and saw 2 of its levels.

You collected 111 gold pieces.

Inventory:

Scrolls
 b - a scroll of identify {unknown}
Potions
 c - a potion of might {unknown}
 d - 2 potions of degeneration {unknown}
 f - 2 potions of ambrosia {unknown}
 g - 2 potions of agility {unknown}
Comestibles
 a - 5 chunks of flesh
 e - 3 rations {!d}


   Skills:
 + Level 1.4 Fighting
 - Level 1.7 Dodging
 - Level 1.7 Stealth
 + Level 2.4 Spellcasting
   Level 1.0 Conjurations
 * Level 3.8 Ice Magic


You had 5 spell levels left.
You knew the following spells:

 Your Spells              Type           Power        Failure   Level  Hunger
a - Freeze                Ice            ##..         4%          1    #......

Your spell library contained the following spells:

 Spells                   Type           Power        Failure   Level  Hunger
 Throw Frost              Conj/Ice       #.....       11%         2    ###....
 Ozocubu's Armour         Chrm/Ice       #.......     26%         3    ###....
 Throw Icicle             Conj/Ice       #.......     58%         4    #####..
 Summon Ice Beast         Ice/Summ       #.......     65%         4    #####..


Dungeon Overview and Level Annotations

Branches:
Dungeon (2/15)

Altars:


Innate Abilities, Weirdness & Mutations

Your plain brown scales are hard. (AC +5)
You cannot fit into any form of body armour.
You are cold-blooded and may be slowed by cold attacks.


Message History

You kill the hobgoblin!
Things that are here:
a +0 club; a hobgoblin corpse You butcher the hobgoblin corpse.
a - 5 chunks of flesh (gained 3)
Things that are here:
a +0 club; a hobgoblin skeleton
Things that are here:
a +0 club; a hobgoblin skeleton You open the door.
An ogre comes into view. It is wielding a -3 giant spiked club.
An ogre is nearby!
An ogre is nearby!
An ogre is nearby!
Found 14 bolts.
There is an open door here.
You close the door.
Things that are here:
a +0 club; a hobgoblin skeleton You start resting.
You start resting.
Okay, then.
You open the door.
There is an open door here.
Aim: an ogre, wielding a -3 giant spiked club (resting)
You freeze the ogre.
The ogre shouts!
The ogre closely misses you.
Aim: an ogre, wielding a -3 giant spiked club (lightly wounded)
You freeze the ogre.
Aim: an ogre, wielding a -3 giant spiked club (moderately wounded)
You freeze the ogre.
The ogre hits you with a cursed -3 giant spiked club!!
Ouch! That really hurt!
* * * LOW HITPOINT WARNING * * *
Aim: an ogre, wielding a -3 giant spiked club (moderately wounded)
You freeze the ogre! The ogre barely misses you.
Aim: an ogre, wielding a -3 giant spiked club (heavily wounded)
You freeze the ogre.
Aim: an ogre, wielding a -3 giant spiked club (severely wounded)
You freeze the ogre. The ogre barely misses you.
You don't have enough magic to cast that spell.
There is an open door, spattered with blood here.
Things that are here:
a +0 club; a hobgoblin skeleton Unknown command.
Aim: an ogre, wielding a -3 giant spiked club (severely wounded)
You freeze the ogre.
The ogre hits you with a cursed -3 giant spiked club!
You die...

...(# ....##+++#
#......... #.........
#......... #.........
#......... ########
##'#############...#...
#..)O@........#'#...#'
#.########.####.#####.
#.# ##.###..#####. #.#
#..##^........ #.#
#..'...⌠..>..⌠ #.#
#..##......... ..#
##..##..#####. ###
##..##.# #. ##..#+# #.


You could see an ogre.

Vanquished Creatures
  2 worms (D:2)
  A dart slug (D:1)
  2 leopard geckos (D:2)
  2 giant cockroaches (D:2)
  A goblin (D:2)
  4 hobgoblins
  2 jackals (D:1)
  5 bats (D:1)
  2 frilled lizards (D:1)
  3 kobolds (D:1)
  4 rats
28 creatures vanquished.

Notes
Turn   | Place    | Note
-------+----------+-------------------------------------------
     0 | D:1      | LostNumber the Draconian Ice Elementalist began the quest
                  | for the Orb.
     0 | D:1      | Reached XP level 1. HP: 14/14 MP: 3/3
   188 | D:1      | Reached XP level 2. HP: 18/22 MP: 1/5
   765 | D:1      | Reached skill level 1 in Fighting
   959 | D:2      | Reached XP level 3. HP: 18/28 MP: 0/6
  1222 | D:2      | Noticed an ogre
  1271 | D:2      | Mangled by an ogre

Skill      XL: |  1  2 |
---------------+-------+-----
Fighting       | 1 |  1.4
Dodging        | |  1.7
Stealth        | |  1.7
Spellcasting   | |  2.4
Conjurations   | |  1.0
Ice Magic      | |  3.8

Action                   || total
-------------------------++-------
Melee: Unarmed           ||    57
       Tailslap          ||    11
 Cast: Freeze            ||    50
  Eat: Chunk             ||     2
Armor: Skin              ||    26
Dodge: Dodged            ||    63
